 Dungeon Crawl Stone Soup version 0.19.0-20-gbc5f0c6 (webtiles) character file.

3849 Minion the Carver (level 9, -1/61 HPs)
             Began as a High Elf Fighter on Nov 16, 2016.
             Was a Believer of Qazlal.
             Shot with an arrow by a centaur (13 damage)
             ... on level 8 of the Dungeon.
             The game lasted 00:43:41 (11610 turns).

Minion the Carver (High Elf Fighter)               Turns: 11610, Time: 00:43:42

Health: -1/61      AC:  6    Str: 18    XL:     9   Next: 98%
Magic:  13/13      EV: 18    Int: 12    God:    Qazlal [**....]
Gold:   349        SH:  0    Dex: 19    Spells: 0 memorised, 8 levels left

rFire  + . .     SeeInvis .     A - +5 great sword
rCold  . . .     Gourm    .     u - +1 leather armour {rF+}
rNeg   . . .     Faith    .     (shield currently unavailable)
rPois  .         Spirit   .     m - +0 helmet
rElec  .         Reflect  .     I - +0 cloak
rCorr  .         Harm     .     (no gloves)
MR     .....                    (no boots)
Stlth  +.........               (no amulet)
                                s - +3 ring of strength
                                v - ring of wizardry

@: confused
A: no striking features
a: Upheaval, Renounce Religion


You were on level 8 of the Dungeon.
You worshipped Qazlal.
Qazlal was pleased with you.
You were not hungry.

You visited 1 branch of the dungeon, and saw 8 of its levels.

You collected 349 gold pieces.

Inventory:

Hand Weapons
 a - a +1 long sword
 A - a +5 great sword (weapon)
 B - a +1 dagger of speed
Armour
 b - a +0 scale mail
 c - a +1 shield
 m - a +0 helmet (worn)
 u - a +1 leather armour of fire resistance (worn)
 E - a +3 leather armour
 I - a +0 cloak (worn)
Jewellery
 k - an uncursed ring of protection from magic
 r - an uncursed ring of positive energy
 s - a +3 ring of strength (right hand)
 v - a ring of wizardry (left hand)
 G - an uncursed amulet of faith {unknown}
Wands
 d - a wand of enslavement (0/24)
 H - a wand of polymorph (12/24)
Scrolls
 e - a scroll of immolation {unknown}
 g - 2 scrolls of teleportation
 n - 2 scrolls of identify
 o - 4 scrolls of recharging
 w - 6 scrolls of remove curse
Potions
 f - a potion of agility
 j - a potion of invisibility
 l - 2 potions of magic
 p - a potion of ambrosia
 t - a potion of flight
 x - a potion of brilliance {unknown}
 z - a potion of might
 C - a potion of beneficial mutation {unknown}
 J - a potion of cure mutation {unknown}
Books
 y - a book of Air

   Spells                             Type                      Level
   a - Shock                          Conjuration/Air              1
   b - Swiftness                      Charms/Air                   2
   c - Repel Missiles                 Charms/Air                   2
   d - Static Discharge               Conjuration/Air              3
   e - Lightning Bolt                 Conjuration/Air              5
Comestibles
 h - a bread ration
 i - 4 meat rations
 q - 2 fruits
 D - a chunk of flesh


   Skills:
 - Level 5.1 Fighting
 * Level 10.7 Long Blades
 - Level 4.1 Armour
 + Level 7.8 Dodging
 - Level 5.1 Shields
 + Level 5.0 Invocations


You had 8 spell levels left.
You didn't know any spells.

Dungeon Overview and Level Annotations

Branches:
Dungeon (8/15)             Temple (0/1) D:4
   Lair: D:8-11

Altars:
Dithmenos
Kikubaaqudgha
Makhleb
Qazlal
Uskayaw
Vehumet
The Shining One

Annotations:
D:8 Joseph


Message History

* * * LOW HITPOINT WARNING * * *
You feel much better.
The centaur shoots an arrow.
The arrow hits you.
Joseph shoots a sling bullet.
The sling bullet hits you.
* * * LOW HITPOINT WARNING * * *
The hippogriff closely misses you. The hippogriff misses you.
The hippogriff completely misses you.
Your fire elemental is struck by lightning.
Your fire elemental sizzles in the rain.
Are you sure you want to stumble around while confused and next to your fire elemental?
You miss the hippogriff.
The hippogriff is heavily wounded.
The centaur shoots an arrow.
The arrow hits you but does no damage.
Your fire elemental sizzles in the rain.
Joseph shoots a sling bullet.
The sling bullet hits you.
* * * LOW HITPOINT WARNING * * *
The hippogriff barely misses you. The hippogriff misses you.
The hippogriff claws you.
* * * LOW HITPOINT WARNING * * *
The centaur shoots an arrow.
The arrow hits you!
You die...

#.##.........##.....#
#.##......##.##.....#
#.........##.##.....####...
.###......##.##............
.# #<.[...##.##....)####...
)# #########.##.....#
.#####..............##
.#......#....c§§E§.@.#
.#.###..#.##...#@###.#
.#.###..#.##.#.#H# #.#
.#...........#..............
.####.#.#.######.....#..>...
## #........##....#.....#...
## #..#...........>... .....
.###....###.##.#.........@#
.#..........## ...#.#.. ....
............. ..#.#. ..##.#.


You could see Joseph, a hippogriff, a centaur and a friendly fire elemental.

Vanquished Creatures
  Pikel (D:7)
  The ghost of newuser the Ruffian, an amateur NaMo of Fedhas (D:3)
  Eustachio (D:5)
  2 orc warriors
  A phantom (D:6)
  A sky beast (D:8)
  3 ogres
  A centaur (D:5)
  A crocodile (D:8)
  A big kobold (D:8)
  2 bullfrogs
  5 scorpions
  5 killer bees
  3 wights (D:7)
  A howler monkey (D:7)
  3 crimson imps
  2 centaur zombies
  3 jellies
  A centaur skeleton (D:5)
  3 orc priests
  3 hounds
  A bullfrog skeleton (D:8)
  Natasha (thrice) (D:2)
  2 iguanas
  10 orc wizards
  4 worker ants
  A hound zombie (D:6)
  2 hound skeletons
  12 gnolls
  A howler monkey skeleton (D:5)
  6 adders
  2 adder skeletons
  4 worms
  2 dart slugs (D:3)
  4 leopard geckos
  40 orcs
  5 giant cockroaches
  6 hobgoblins
  7 jackals
  12 kobolds
  5 quokkas
  8 bats
  10 frilled lizards
  4 goblins
  A jackal skeleton (D:4)
  A leopard gecko skeleton (D:7)
  11 rats
208 creatures vanquished.

Vanquished Creatures (collateral kills)
  A gnoll sergeant (D:8)
1 creature vanquished.

Vanquished Creatures (others)
  4 slaves (D:7)
  A killer bee (D:7)
  An iguana (D:7)
  An orc (D:7)
7 creatures vanquished.

Grand Total: 216 creatures vanquished

Notes
Turn   | Place    | Note
-------+----------+-------------------------------------------
     0 | D:1      | Minion the High Elf Fighter began the quest for the Orb.
     0 | D:1      | Reached XP level 1. HP: 16/16 MP: 2/2
   133 | D:1      | Reached skill level 1 in Dodging
   253 | D:1      | Reached XP level 2. HP: 18/21 MP: 3/3
   288 | D:1      | Reached skill level 3 in Long Blades
   708 | D:2      | Noticed an earth elemental
   790 | D:2      | Noticed Natasha
   797 | D:2      | Noticed a crimson imp
   803 | D:2      | Killed Natasha
   803 | D:2      | Reached XP level 3. HP: 17/26 MP: 4/4
  1203 | D:2      | Reached skill level 4 in Long Blades
  1203 | D:2      | Reached XP level 4. HP: 16/31 MP: 5/5
  1679 | D:2      | Noticed Natasha
  1689 | D:2      | Killed Natasha
  1735 | D:2      | Found a shadowy altar of Dithmenos.
  1971 | D:2      | Noticed Natasha
  1990 | D:2      | Killed Natasha
  1990 | D:2      | Reached XP level 5. HP: 16/36 MP: 6/6
  2250 | D:2      | Noticed a water elemental
  2252 | D:2      | Found a stormy altar of Qazlal.
  2254 | D:2      | Noticed an air elemental
  2254 | D:2      | Noticed a fire elemental
  2260 | D:2      | Became a worshipper of Qazlal Stormbringer
  2367 | D:3      | Noticed newuser's ghost (amateur NaMo)
  2699 | D:3      | Found a glowing golden altar of the Shining One.
  2741 | D:3      | Reached skill level 5 in Long Blades
  3932 | D:3      | HP: 1/36 [orc priest/nerve-wracking pain (8)]
  3934 | D:3      | Reached XP level 6. HP: 2/42 MP: 7/7
  4271 | D:3      | HP: 1/42 [newuser's ghost (5)]
  4272 | D:3      | Killed newuser's ghost
  4272 | D:3      | Reached skill level 6 in Long Blades
  4272 | D:3      | Reached skill level 5 in Dodging
  4861 | D:3      | Reached XP level 7. HP: 43/46 MP: 8/8
  4890 | D:3      | Found an ancient bone altar of Kikubaaqudgha.
  5000 | D:3      | Reached * piety under Qazlal
  5473 | D:4      | Found a staircase to the Ecumenical Temple.
  5501 | D:4      | Found a hide-covered altar of Uskayaw.
  5806 | D:4      | Reached skill level 7 in Long Blades
  6077 | D:4      | Found a radiant altar of Vehumet.
  6641 | D:5      | Entered Level 5 of the Dungeon
  6641 | D:5      | Noticed Eustachio
  6815 | D:6      | Reached skill level 8 in Long Blades
  6829 | D:5      | Killed Eustachio
  6829 | D:5      | Reached XP level 8. HP: 43/52 MP: 9/9
  7639 | D:5      | Reached skill level 9 in Long Blades
  7742 | D:5      | Reached skill level 5 in Shields
  7794 | D:5      | Reached ** piety under Qazlal
  8163 | D:6      | Reached skill level 1 in Invocations
  9101 | D:6      | Reached XP level 9. HP: 51/59 MP: 12/12
  9148 | D:6      | Found a burning altar of Makhleb.
  9720 | D:6      | Reached skill level 5 in Fighting
 10258 | D:7      | Noticed Pikel
 10262 | D:7      | Killed Pikel
 10262 | D:7      | Reached skill level 10 in Long Blades
 10419 | D:7      | Reached *** piety under Qazlal
 11579 | D:8      | Reached skill level 5 in Invocations
 11601 | D:8      | Noticed Joseph
 11607 | D:8      | HP: 3/61 [hippogriff (5)]
 11608 | D:8      | HP: 1/61 [hippogriff (5)]
 11610 | D:8      | Shot with an arrow by a centaur

Skill      XL: |  1  2  3  4  5  6  7  8  9 |
---------------+----------------------------+-----
Dodging        | 1 2 3 4 5 6 7 |  7.8
Long Blades    | 3 4 5 6 8 9 10 | 10.7
Shields        | 4 5 |  5.1
Invocations    | 3 5 |  5.0
Fighting       | 4 5 |  5.1
Armour         | 4 |  4.1

Action                   |  1- 3 |  4- 6 |  7- 9 || total
-------------------------+-------+-------+-------++-------
Melee: Long sword        |    85 |   241 |   482 ||   808
       Great sword       |       |       |   103 ||   103
Invok: Upheaval          |       |       |     1 ||     1
       Elemental Force   |       |       |     3 ||     3
Evoke: Wand              |       |       |     5 ||     5
  Use: Potion            |     1 |     6 |     3 ||    10
       Scroll            |       |    11 |     8 ||    19
  Eat: Chunk             |     1 |     3 |    15 ||    19
       Bread ration      |       |     2 |     1 ||     3
       Pizza             |       |       |     1 ||     1
       Royal jelly       |       |       |     1 ||     1
Armor: Scale mail        |    35 |    74 |   123 ||   232
       Leather armour    |       |       |    22 ||    22
Dodge: Dodged            |    18 |    91 |   259 ||   368
Block: Shield            |    36 |   117 |   343 ||   496
       Other             |       |       |     9 ||     9
       Rpst.: Long sword |     7 |    25 |    58 ||    90
       Great sword       |       |       |    16 ||    16
